 Dungeon Sprint DCSS version 0.28.0-43-g3370ac3207 (webtiles) character file.

Game seed: 11603988559856321248

12384 boopmooplesden the Minotaur Blade (level 11, -5/114 HPs)
             Began as a Minotaur Berserker on Mar 15, 2022.
             Was the Champion of Trog.
             Slain by a ten-headed hydra (12 damage)
             ... while paralysed by a floating eye
             ... in the Dungeon (Sprint I: "Red Sonja").
             The game lasted 00:07:23 (2144 turns).

boopmooplesden the Minotaur Blade (MiBe)            Turns: 2144, Time: 00:07:23

Health: -5/114     AC: 20    Str: 20 (21) XL:     11   Next: 61%
Magic:  6/6        EV:  2    Int:  4      God:    Trog [******]
Gold:   530        SH:  0    Dex:  6 (7)  Spells: 10/10 levels left

rFire   + . .      SeeInvis +   l - +4 great sword (flame)
rCold   . . .      Faith    .   (shield currently unavailable)
rNeg    . . .      Spirit   .   v - +2 plate armour {rPois}
rPois   +          Reflect  .   u - +2 hat
rElec   .          Harm     .   (no cloak)
rCorr   .          Rampage  .   (no gloves)
Will    +....      Rage     3%  p - +0 pair of boots "Dinteu Ytyj" {+Inv rF+ Int+2 SInv}
Stlth   .......... NoTele   +   (no amulet)
HPRegen 0.29/turn               (no ring)
MPRegen 0.10/turn               (no ring)

@: paralysed, unable to read
A: horns 2, retaliatory headbutt, berserk 2, clumsy 2, deterioration 1, dopey 1,
frail 1, low MP 3, strong-willed 1, sense surroundings 1, weak 2, subdued magic
1, inability to read while threatened, devolution 1
a: Renounce Religion, Evoke Invisibility, Berserk, Trog's Hand, Brothers in Arms


You were in the Dungeon.
You worshipped Trog.
Trog was exalted by your worship.
You visited 1 branch You collected 1860 gold pieces.
You spent 1330 gold pieces at shops.

Inventory:

Hand Weapons
 a - a +0 falchion
 l - a +4 great sword of flaming (weapon)
 q - a +6 antimagic great sword
Armour
 b - a +0 animal skin
 j - a +2 robe of willpower
 p - the +0 pair of boots "Dinteu Ytyj" (worn) {+Inv rF+ Int+2 SInv}
   (You bought it in a shop in the Dungeon)

   Int:       It affects your intelligence (+2).
   rF:        It protects you from fire.
   SInv:      It lets you see invisible.
   +Inv:      It lets you turn invisible.
 u - a +2 hat (worn)
 v - a +2 plate armour of poison resistance (worn)
Wands
 i - a wand of digging (3)
 k - a wand of iceblast (5)
 n - a wand of flame (12)
Scrolls
 h - a scroll of blinking
 x - a scroll of vulnerability
Potions
 c - 4 potions of curing
 d - a potion of heal wounds
 e - a potion of haste
 f - 2 potions of magic
 g - a potion of berserk rage
 s - a potion of brilliance
Miscellaneous
 t - a condenser vane


   Skills:
 + Level 21.2 Fighting
 + Level 21.6 Long Blades
 + Level 10.4 Armour
 + Level 12.5 Dodging
 + Level 0.5 Stealth
 + Level 2.8 Evocations


You had 10 spell levels left.
You didn't know any spells.
Your spell library was empty.

Dungeon Overview and Level Annotations

Branches:
Dungeon (1/1)

Altars:
Cheibriados
Dithmenos
Elyvilon
Fedhas
Gozag
Hepliaklqana
Kikubaaqudgha
Makhleb
Nemelex Xobeh
Okawaru
Qazlal
Ru
Sif Muna
Trog
Uskayaw
Vehumet
Wu Jian
Xom
Yredelemnul
Zin
The Shining One
Jiyva
Lugonu

Shops:
D (::!(:*:([[:=[**::[[[


Innate Abilities, Weirdness & Mutations

You have a pair of horns on your head.
You reflexively headbutt those who attack you in melee.
You often lose your temper in combat.
You are very clumsy. (Dex -4)
Your body sometimes deteriorates upon taking damage.
You are dopey. (Int -2)
You are frail. (-10% HP)
Your magical capacity is extremely low. (-30% MP)
You are strong-willed. (Will+)
You passively map a small area around you.
You are very weak. (Str -4)
Your spells are a little easier to cast, but a little less powerful.
You sometimes lose the ability to read scrolls when taking damage.
You have hidden genetic defects.


Message History

The ten-headed hydra bites you but does no damage.
The ten-headed hydra bites you.
The ten-headed hydra bites you but does no damage.
The floating eye gazes piercingly through you!
You suddenly lose the ability to move!
The ten-headed hydra barely misses you.
The ten-headed hydra bites you but does no damage. x3
The ten-headed hydra bites you.
The ten-headed hydra bites you but does no damage. x5
The floating eye's stare focuses on you.
The ten-headed hydra bites you but does no damage. x2
The ten-headed hydra bites you.
The ten-headed hydra bites you but does no damage.
The ten-headed hydra bites you.
The ten-headed hydra bites you but does no damage.
The ten-headed hydra bites you.
The ten-headed hydra bites you but does no damage. x2
The ten-headed hydra bites you!
The ten-headed hydra bites you but does no damage.
The ten-headed hydra bites you!
* * * LOW HITPOINT WARNING * * *
Your body deteriorates!
You feel clumsy.
The ten-headed hydra bites you but does no damage. x2
The ten-headed hydra completely misses you.
The ten-headed hydra bites you but does no damage.
The ten-headed hydra bites you!
* * * LOW HITPOINT WARNING * * *
Your body deteriorates!
You feel weakened.
The ten-headed hydra bites you but does no damage.
The ten-headed hydra bites you.
* * * LOW HITPOINT WARNING * * *
The ten-headed hydra bites you but does no damage.
The floating eye gazes piercingly through you!
You shrug off the repeated paralysis!
The floating eye seems to glare at you. The ten-headed hydra bites you.
* * * LOW HITPOINT WARNING * * *
The ten-headed hydra bites you but does no damage.
The ten-headed hydra bites you!
You die...

#####################************
..#).#.§†)§§§§§§@DG$#,,+,,,,*,,,,
.)##'#.####§§.§§##§.+,,*,,,,**,,,
.†).§#.#,*##§§§##**##*+*,,,,,****
###..'.#+*,###+#,,,**,,*,,,,,*,,,
.##'####,,,*,*,**,,,*,,**,,,,*,∩,
.#.°.,,*,,,***,,***,*,,≈***+**,,,
.#...°,+,,,,,**,*,*,*,,≈,,*,****+
'###°°.*,,,,,*,,***,*,,≈,**+*,,,,
.'.#○°.#**++**,**,,,*,,≈**,,,,,,,


You could see a ten-headed hydra and a floating eye (charged).

Vanquished Creatures
  2 centaur warriors (D)
  Sonja (D)
  A deep troll (D)
  A lindwurm (D)
  An oklob plant (D)
  8 shining eyes (D)
  A gargoyle (D)
  2 unseen horrors (D)
  2 kobold demonologists (D)
  4 demonic crawlers (D)
  A slime creature (D)
  A hornet (D)
  13 hogs (D)
  Sigmund (D)
  A yak (D)
  2 redbacks (D)
  6 floating eyes (D)
  An ogre (D)
  7 necrophages (D)
  8 jellies (D)
  Ijyb (D)
65 creatures vanquished.

Vanquished Creatures (others)
  2 ballistomycete spores (D)
2 creatures vanquished.

Grand Total: 67 creatures vanquished

Notes
Turn   | Place    | Note
-------+----------+-------------------------------------------
     0 | D        | boopmooplesden the Minotaur Berserker began the quest for
                  | the Orb.
     0 | D        | Reached XP level 1. HP: 19/19 MP: 0/0
     1 | D        | Noticed Ijyb
     5 | D        | Killed Ijyb
     6 | D        | Reached skill level 5 in Fighting
     6 | D        | Reached skill level 5 in Long Blades
     6 | D        | Reached XP level 2. HP: 29/29 MP: 1/1
    49 | D        | Noticed an ogre
    52 | D        | Killed an ogre
    53 | D        | Reached XP level 3. HP: 40/40 MP: 2/2
    53 | D        | Reached XP level 4. HP: 48/48 MP: 3/3
    84 | D        | Noticed Sigmund
    89 | D        | Killed Sigmund
    89 | D        | Reached ** piety under Trog
    90 | D        | Reached skill level 10 in Long Blades
    90 | D        | Reached skill level 5 in Armour
    90 | D        | Reached XP level 5. HP: 58/58 MP: 4/4
   138 | D        | Found a burning altar of Makhleb.
   138 | D        | Found a shimmering altar of Xom.
   138 | D        | Noticed a slime creature
   139 | D        | Found a viscous altar of Jiyva.
   139 | D        | Found a corrupted altar of Lugonu.
   146 | D        | Killed a slime creature
   147 | D        | Reached skill level 5 in Dodging
   147 | D        | Reached XP level 6. HP: 58/68 MP: 5/5
   280 | D        | Noticed a kobold demonologist
   280 | D        | Noticed a floating eye
   281 | D        | Noticed a kobold demonologist
   284 | D        | Paralysed by a floating eye for 2 turns
   289 | D        | Noticed a sixfirhy
   289 | D        | Killed a kobold demonologist
   290 | D        | Reached XP level 7. HP: 78/78 MP: 6/6
   291 | D        | Reached *** piety under Trog
   298 | D        | Noticed a red devil
   299 | D        | Killed a kobold demonologist
   300 | D        | Reached XP level 8. HP: 57/86 MP: 7/7
   341 | D        | Found an ornate altar of the Wu Jian Council.
   341 | D        | Found a shimmering blue altar of Sif Muna.
   343 | D        | Found a radiant altar of Vehumet.
   380 | D        | Found Eple's Distillery.
   380 | D        | Found an ancient bone altar of Kikubaaqudgha.
   380 | D        | Found a hazy altar of Hepliaklqana.
   380 | D        | Found a stormy altar of Qazlal.
   380 | D        | Found a hide-covered altar of Uskayaw.
   380 | D        | Found a blossoming altar of Fedhas.
   380 | D        | Found a bloodstained altar of Trog.
   380 | D        | Found an iron altar of Okawaru.
   380 | D        | Found a basalt altar of Yredelemnul.
   380 | D        | Found a glowing golden altar of the Shining One.
   380 | D        | Found a snail-covered altar of Cheibriados.
   380 | D        | Found a sacrificial altar of Ru.
   380 | D        | Found a glowing silver altar of Zin.
   380 | D        | Found a shadowy altar of Dithmenos.
   380 | D        | Found a white marble altar of Elyvilon.
   386 | D        | Found an opulent altar of Gozag.
   387 | D        | Found a sparkling altar of Nemelex Xobeh.
   391 | D        | Bought a potion of invisibility for 88 gold pieces
   425 | D        | Noticed a centaur warrior
   427 | D        | Noticed a centaur warrior
   432 | D        | Noticed a hornet
   440 | D        | Killed a hornet
   440 | D        | Reached **** piety under Trog
   440 | D        | Killed a centaur warrior
   441 | D        | Reached skill level 15 in Fighting
   441 | D        | Reached skill level 15 in Long Blades
   441 | D        | Killed a centaur warrior
   442 | D        | Reached XP level 9. HP: 47/100 MP: 8/8
   706 | D        | Noticed a deep troll
   715 | D        | Killed a deep troll
   731 | D        | Found Neum's Armour Emporium.
   739 | D        | Bought the +0 pair of boots "Dinteu Ytyj" {+Inv rF+ Int+2
                  | SInv} for 474 gold pieces
   878 | D        | Noticed an oklob plant
   886 | D        | Killed an oklob plant
   892 | D        | Reached ***** piety under Trog
  1182 | D        | Noticed an unseen horror
  1184 | D        | Noticed an unseen horror
  1189 | D        | Killed an unseen horror
  1205 | D        | Killed an unseen horror
  1206 | D        | Reached XP level 10. HP: 75/111 MP: 9/9
  1341 | D        | Received a gift from Trog
  1342 | D        | Reached skill level 10 in Dodging
  1397 | D        | Reached ****** piety under Trog
  1397 | D        | Received a gift from Trog
  1420 | D        | Found Vuadeore's Book Shoppe.
  1420 | D        | Found Waaqah's Assorted Antiques.
  1420 | D        | Found Lonaasul's Weapon Boutique.
  1422 | D        | Found Maic's Armour Emporium.
  1422 | D        | Found Ageckamix's Antique Armour Shop.
  1422 | D        | Found Xumezeeh's Book Shoppe.
  1422 | D        | Found Guruc's Jewellery Boutique.
  1422 | D        | Found Zulint's Armour Emporium.
  1422 | D        | Found Joacw's General Store.
  1422 | D        | Found Unkaneqa's Assorted Antiques.
  1425 | D        | Found Aterah's Book Boutique.
  1426 | D        | Bought a +2 hat for 224 gold pieces
  1431 | D        | Found Byps's Armour Emporium.
  1431 | D        | Found Xieluofu's Book Boutique.
  1436 | D        | Found Harchod's Antique Armour Emporium.
  1441 | D        | Bought a +2 plate armour of poison resistance for 481 gold
                  | pieces
  1463 | D        | Bought a scroll labelled APETAN EWKEYRE for 21 gold pieces
  1463 | D        | Bought 2 scrolls labelled UXUOCA LAORR for 42 gold pieces
  1522 | D        | Noticed Sonja
  1525 | D        | Killed Sonja
  1697 | D        | Found Noni's Antique Weapon Boutique.
  1706 | D        | Noticed a shining eye
  1706 | D        | Noticed a shining eye
  1706 | D        | Noticed a shining eye
  1708 | D        | Noticed a shining eye
  1708 | D        | Noticed a shining eye
  1708 | D        | Noticed a shining eye
  1709 | D        | Gained mutation: You are strong-willed. (Will+) [a shining
                  | eye]
  1709 | D        | Gained mutation: You are clumsy. (Dex -2) [a shining eye]
  1710 | D        | Gained mutation: Your magical capacity is low. (-10% MP) [a
                  | shining eye]
  1712 | D        | Killed a shining eye
  1712 | D        | Gained mutation: You sometimes lose the ability to read
                  | scrolls when taking damage. [a shining eye]
  1712 | D        | Gained mutation: You are frail. (-10% HP) [a shining eye]
  1714 | D        | Gained mutation: You are very clumsy. (Dex -4) [a shining
                  | eye]
  1715 | D        | Gained mutation: You are dopey. (Int -2) [a shining eye]
  1716 | D        | Killed a shining eye
  1716 | D        | Received a gift from Trog
  1716 | D        | Paralysed by a floating eye for 3 turns
  1717 | D        | Reached skill level 1 in Evocations
  1720 | D        | Gained mutation: Your body sometimes deteriorates upon
                  | taking damage. [a shining eye]
  1721 | D        | Gained mutation: You are weak. (Str -2) [a shining eye]
  1723 | D        | Gained mutation: You passively map a small area around you.
                  | [a shining eye]
  1725 | D        | Killed a shining eye
  1727 | D        | Killed a shining eye
  1728 | D        | Gained mutation: You tend to lose your temper in combat. [a
                  | shining eye]
  1731 | D        | Gained mutation: You often lose your temper in combat. [a
                  | shining eye]
  1732 | D        | Killed a shining eye
  1733 | D        | Reached XP level 11. HP: 111/111 MP: 2/8
  1736 | D        | Killed a shining eye
  1737 | D        | Noticed a shining eye
  1737 | D        | Noticed a shining eye
  1737 | D        | Gained mutation: You are very weak. (Str -4) [a shining
                  | eye]
  1739 | D        | Gained mutation: You have hidden genetic defects. [a
                  | shining eye]
  1740 | D        | Gained mutation: Your magical capacity is very low. (-20%
                  | MP) [a shining eye]
  1744 | D        | Killed a shining eye
  1745 | D        | Gained mutation: Your magical capacity is extremely low.
                  | (-30% MP) [a shining eye]
  1748 | D        | Killed a shining eye
  1755 | D        | Found Zataig's Book Shoppe.
  1755 | D        | Found Teriz's Antique Weapon Shop.
  1755 | D        | Found Eqic Mif's Book Emporium.
  1755 | D        | Found Zeur's Book Boutique.
  1817 | D        | Received a gift from Trog
  1834 | D        | Gained mutation: You have terrible hidden genetic defects.
                  | [hidden defects]
  1963 | D        | Noticed a lindwurm
  1968 | D        | Killed a lindwurm
  1990 | D        | Received a gift from Trog
  1993 | D        | Reached skill level 10 in Armour
  2008 | D        | Received a gift from Trog
  2026 | D        | Gained mutation: Your spells are a little easier to cast,
                  | but a little less powerful. [hidden defects]
  2026 | D        | Lost mutation: You have terrible hidden genetic defects.
                  | [hidden defects expressed]
  2137 | D        | Noticed a 12-headed hydra
  2140 | D        | Paralysed by a floating eye for 4 turns
  2144 | D        | Slain by a ten-headed hydra

Illustrated notes

Levels and vault maps discovered:
D:        dungeon_sprint_1 [red_sonja_temple_1, red_sonja_temple_small_1]

Skill      XL: |  1  2  3  4  5  6  7  8  9 10 11 |
---------------+----------------------------------+-----
Fighting       | 5 7 9 11 12 13 15 17 19 21 | 21.2
Long Blades    | 5 7 10 11 12 13 16 17 19 21 | 21.6
Armour         | 3 4 5 6 7 8 9 10 | 10.4
Dodging        | 3 4 5 6 8 9 11 12 | 12.5
Evocations     | 1 2 |  2.8
Stealth        | |  0.5

Action                   |  1- 3 |  4- 6 |  7- 9 | 10-12 || total
-------------------------+-------+-------+-------+-------++-------
Melee: Falchion          |     5 |    14 |    51 |    11 ||    81
       Headbutt          |     1 |     2 |    10 |    31 ||    44
       Punch             |       |       |     1 |       ||     1
       Great sword       |       |       |       |   110 ||   110
Invok: Berserk           |     2 |     3 |     5 |     4 ||    14
 Abil: Evoke Invisibilit |       |       |       |     1 ||     1
  Use: Potion            |       |       |     1 |       ||     1
       Scroll            |       |       |       |     8 ||     8
Armor: Animal skin       |       |     2 |     1 |       ||     3
       Robe              |       |       |    12 |    12 ||    24
       Plate armour      |       |       |       |    71 ||    71
Dodge: Dodged            |     1 |     5 |    36 |    51 ||    93
